cohdb
Replays
Latest Replays
All Replays
Popular Replays
Top Player Replays
Match Explorer
How It Works
Community
CoH3 Stats
Reddit
Sign in to upload your games and track your stats! →
Sign in with Steam
Match 39746701
Unlisted
Match 39746701
Overview
Messages
Build Orders
End
Construct Infanterie Kompanie
Selects Terror Battlegroup
MG 42 Machine Gun Team
MG 42 Machine Gun Team
Selects Machine Gun Camouflage
GrW 34 Mortar Team
Grenadier Squad
Grenadier Squad
Construct Panzergrenadier Kompanie
251 Medium Carrier
Pak 40 Anti-tank Gun Team
Selects Contempt for the Weak
Panzergrenadier Squad
Construct Panzer Kompanie
Panzer IV Medium Tank
Selects Jericho Trumpet
Grenadier Squad
Panzer IV Medium Tank
Stoßtruppen Squad
Selects V1 Rocket Strike
Panzer IV Medium Tank
Side Skirts
Infanterie Officer Quarters
=BIA=Daghito
Decapsy
=BIA=Obersky
Giovanni
Libanese_de_Roma
Epicdeath
BIOHAZARD
Sauzer88
0
0
Comments
sign in to comment!
No comments posted yet!